 Dungeon Crawl Stone Soup version 0.14-a0-1546-g4b4961f (webtiles) character file.

557 M4edhros the Poker (level 7, -5/46 HPs)
             Began as an Octopode Chaos Knight on Dec 18, 2013.
             Was a Plaything of Xom.
             Slain by an ancient zyme (7 damage)
             ... on Level 1 of the Abyss.
             The game lasted 00:03:27 (1989 turns).

M4edhros the Poker (Octopode Chaos Knight)          Turns: 1989, Time: 00:03:28

HP  -5/46        AC  8     Str 10 (12) XL: 7   Next:  7%
MP   6/6         EV 12     Int 16      God: Xom
Gold 95          SH  0     Dex  9 (11) Spells:  0 memorised,  6 levels left

rFire  . . .     SeeInvis .     a - +1,+0 spear (chaos)
rCold  . . .     Clarity  .     (no shield)
rNeg   . . .     Conserve .     (helmet restricted)
rPois  .         rCorr    .     (no amulet)
rElec  .         rRot     .     b - +5 ring of protection
SustAb . .       Spirit   .     (no ring)
rMut   .         Warding  .     (no ring)
Saprov . . .     Stasis   .     (no ring)
                                (no ring)
                                (no ring)
                                (no ring)
                                (no ring)

@: non-regenerating, diseased, slightly resistant to hostile enchantments,
fairly stealthy
A: almost no armour, amphibious, 8 rings, constrict 8, slimy green scales 1,
camouflage 1, low mp 1, slow metabolism 1, gelatinous body 1
a: Renounce Religion


You were on level 1 of the Abyss.
You worshipped Xom.
You were a favourite toy of Xom.
You were very hungry.

You visited 1 branch of the dungeon, and saw 3 of its levels.
You visited the Abyss 1 time.

You collected 95 gold pieces.

Inventory:

Hand weapons
 a - a +1,+0 spear of chaos (weapon)
 p - a +1,+1 orcish whip of distortion
Missiles
 l - 2 javelins (quivered)
Comestibles
 c - a bread ration
 h - 2 meat rations
Scrolls
 f - a scroll of identify
 k - a scroll of remove curse {unknown}
Jewellery
 b - a +5 ring of protection (left tentacle)
Potions
 g - a potion of restore abilities
 o - a potion of curing


   Skills:
 - Level 3.0 Fighting
 + Level 7.8 Polearms
 - Level 2.3 Dodging


You had 6 spell levels left.
You didn't know any spells.

Dungeon Overview and Level Annotations

Branches:
Dungeon (3/16)

Altars:


Innate Abilities, Weirdness & Mutations

You cannot wear most types of armour.
You are amphibious.
You can wear up to eight rings at the same time.
You can use your tentacles to constrict many enemies at once.
Your skin changes colour to match your surroundings (Stlth).
Your rubbery body absorbs attacks (AC +1).
You are partially covered in slimy green scales (AC +2).
Your magical capacity is low (-10% MP).
You have a slow metabolism.


Message History

* * * LOW HITPOINT WARNING * * *
You feel weakened. It hits you.
* * * LOW HITPOINT WARNING * * *
Unknown command.
You hit it but do no damage. You constrict it.
Unknown command.
You hit it. You freeze it. You constrict it. It hits you.
* * * LOW HITPOINT WARNING * * *
It hits you.
* * * LOW HITPOINT WARNING * * *
You feel clumsy.
Unknown command.
Unknown command.
You hit it but do no damage.
Nothing appears to happen.
You constrict it.
Unknown command.
Unknown command.
Unknown command.
You hit it but do no damage. You squeeze it. You constrict it. It hits you!
You die...

# # .#. .# .#
..########...#
..#.....#
##5.{..# #.5@#
#..# #§#### .
# § ## #


You could see a friendly white imp and a friendly lemure.

Vanquished Creatures
  Grinder (D:3)
  A small abomination (Abyss:1)
  Sigmund (D:2)
  Ijyb (D:3)
  Terence (D:2)
  4 adders (D:2)
  A white imp (Abyss:1)
  2 oozes
  2 ball pythons (D:1)
  9 bats
  6 giant cockroaches
  7 goblins
  5 hobgoblins
  A jackal (D:3)
  A quokka (D:2)
  3 giant geckos (D:1)
  2 giant newts
  7 kobolds
  4 rats
59 creatures vanquished.

Vanquished Creatures (collateral kills)
  A jackal (D:3)
1 creature vanquished.

Grand Total: 60 creatures vanquished

Notes
Turn   | Place    | Note
--------------------------------------------------------------
     0 | D:1      | M4edhros, the Octopode Chaos Knight, began the quest for the Orb.
     0 | D:1      | Reached XP level 1. HP: 16/16 MP: 1/1
    62 | D:1      | XOM: divination: magic mapping
   137 | D:1      | Reached XP level 2. HP: 10/21 MP: 2/2
   450 | D:1      | XOM: harmless Erth miscast
   494 | D:1      | Reached skill level 4 in Polearms
   584 | D:1      | Reached XP level 3. HP: 23/26 MP: 3/3
  1000 | D:2      | Noticed Sigmund
  1000 | D:2      | XOM: enchant monster (good)
  1008 | D:2      | Killed Sigmund
  1008 | D:2      | Reached skill level 5 in Polearms
  1008 | D:2      | Reached XP level 4. HP: 31/31 MP: 4/4
  1038 | D:2      | Noticed Terence
  1045 | D:2      | Killed Terence
  1045 | D:2      | Reached XP level 5. HP: 34/36 MP: 5/5
  1738 | D:2      | Reached skill level 6 in Polearms
  1792 | D:3      | Noticed Grinder
  1798 | D:3      | XOM: divination: magic mapping
  1802 | D:3      | XOM: cast spell 'Summon Ice Beast'
  1805 | D:3      | XOM: summons friendly iron imp
  1811 | D:3      | Killed Grinder
  1811 | D:3      | Reached skill level 7 in Polearms
  1811 | D:3      | Reached XP level 6. HP: 17/42 MP: 6/6
  1814 | D:3      | Gained mutation: You have a slow metabolism. [potion of mutation]
  1814 | D:3      | Gained mutation: Your magical capacity is low (-10% MP). [potion of mutation]
  1814 | D:3      | Gained mutation: You are partially covered in slimy green scales (AC +2). [potion of mutation]
  1858 | D:3      | Noticed Ijyb
  1873 | D:3      | Killed Ijyb
  1887 | D:3      | Cast into the Abyss (a distortion unwield)
  1923 | Abyss:1  | Noticed a small abomination
  1938 | Abyss:1  | Noticed a small abomination
  1943 | Abyss:1  | Killed a small abomination
  1943 | Abyss:1  | Reached XP level 7. HP: 46/46 MP: 6/6
  1952 | Abyss:1  | Noticed a large abomination
  1976 | Abyss:1  | Noticed an ancient zyme
  1979 | Abyss:1  | XOM: summons 2 friendly demons
  1987 | Abyss:1  | HP: 2/46 [something (4)]
  1989 | Abyss:1  | Slain by an ancient zyme

Action                   |  1- 3 |  4- 6 |  7- 9 || total
-------------------------+-------+-------+-------++-------
Melee: Spear             |    61 |    89 |    14 ||   164
  Use: Potion            |       |     6 |       ||     6
       Scroll            |       |       |    10 ||    10
 Stab: Sleeping          |     7 |     4 |       ||    11
       Paralysed         |     9 |     3 |       ||    12
       Petrifying        |       |     1 |       ||     1
